 Dungeon Crawl Stone Soup version 0.32-a0-172-gc5dd13f2a7 (webtiles) character file.

Game seed: 17103172368238375155

2 zenocrate the Sneak (level 1, -11/14 HPs)
             Began as a Kobold Delver on Feb 13, 2024.
             Mangled by a bog mummy (15 damage)
             ... in an ossuary.
             The game lasted 00:00:17 (43 turns).

zenocrate the Sneak (Kobold Delver)                   Turns: 43, Time: 00:00:18

Health: -11/14     AC:  3    Str:  9    XL:     1   Next: 33%
Magic:  1/1        EV: 14    Int: 11    God:
Gold:   15         SH:  0    Dex: 16    Spells: 0/0 levels left

rFire   . . .        a - +0 short sword
rCold   . . .        (no shield)
rNeg    . . .        b - +0 leather armour
rPois   .            (no helmet)
rElec   .            (no cloak)
rCorr   .            (no gloves)
SInv    .            (no boots)
Will    .....        (no amulet)
Stlth   ++           (no ring)
HPRegen 0.22/turn    (no ring)
MPRegen 0.07/turn

%: no passive effects
@: slowed, very slow
A: small, no large weapons, nightstalker 3
a: no special abilities


You were in an ossuary.
You visited 1 branch of the dungeon, and saw 1 of its levels.
You also visited: Ossuary.

You collected 15 gold pieces.

Inventory:

Hand Weapons
 a - a +0 short sword (weapon)
Armour
 b - a +0 leather armour (worn)
Wands
 g - a wand of digging (3)
Scrolls
 c - a scroll of fog
 d - a scroll of amnesia {unknown}
 e - a scroll of fear
Potions
 f - a potion of haste


   Skills:
 - Level 3.2 Fighting
 + Level 2.8 Short Blades
 + Level 2.5 Dodging
 + Level 6.6 Stealth


You couldn't memorise any spells.
You didn't know any spells.
Your spell library was empty.

Dungeon Overview and Level Annotations

Branches:
Dungeon (5/15)            Ossuary (1/1)
 Temple: D:4-7

Altars:


Innate Abilities, Weirdness & Mutations

You are small and have problems with some larger weapons.
You are completely attuned to the shadows.


Message History

Found a gate leading back out of this place.
There is an empty arch of ancient stone here.
You open the door.
There is an open door here.
You enter the shallow water.
Moving in this stuff is going to be slow.
A bog mummy comes into view.
A bog mummy comes into view.
You enter the shallow water.
Moving in this stuff is going to be slow.
You enter the shallow water.
Moving in this stuff is going to be slow.
The bog mummy splashes around in the water.
You barely miss the bog mummy. The bog mummy barely misses you.
The bog mummy splashes around in the water.
Your unstable footing causes you to fumble your attack.
Your unstable footing causes you to fumble your attack.
The bog mummy points at you and mumbles some strange words.
You feel yourself slow down.
The bog mummy gestures at you while chanting.
The puff of frost hits you!
Ouch! That really hurt!
* * * LOW HITPOINT WARNING * * *
You hit the bog mummy.
The bog mummy is lightly damaged.
The bog mummy gestures at you while chanting.
You feel as though you will be slow longer.
Unknown command.
Your unstable footing causes you to fumble your attack.
The bog mummy casts a spell at you.
You feel as though you will be slow longer.
Unknown command.
You hit the bog mummy but do no damage.
The bog mummy is lightly damaged.
The bog mummy barely misses you. The bog mummy closely misses you.
Unknown command.
Your unstable footing causes you to fumble your attack.
The bog mummy hits you!
Ouch! That really hurt!
You die...

#≈#≈≈ ≈#≈≈
#≈ #≈≈##.#.~
#≈≈~~~~.#
#@M.~~.
#M~#~#####
≈≈≈#P~.#...#
≈#≈#~#~'.∩.#
≈≈#P.~#..∩#
#~#~~#####
#~..~+
##~#~# ~.+.#


You could see 2 bog mummies.

Vanquished Creatures
  An orc (D:5)
1 creature vanquished.

Notes
Turn   | Place    | Note
-------+----------+-------------------------------------------
     0 | D:5      | zenocrate the Kobold Delver began the quest for the Orb.
     0 | D:5      | Reached XP level 1. HP: 14/14 MP: 1/1
    21 | D:5      | Found a sand-covered staircase.
    25 | Ossuary  | Entered an ossuary
    29 | Ossuary  | Noticed a bog mummy
    31 | Ossuary  | Noticed a bog mummy
    43 | Ossuary  | Mangled by a bog mummy

Illustrated notes

Levels and vault maps discovered:
D:5:      layout_cave_pools, enter_ossuary_5, minivault_4,
          uniq_crazy_yiuf_cottage
Ossuary:  ossuary_zaba_flooded

Action                     || total
---------------------------++-------
  Melee: Short sword       ||     8
    Use: Scroll            ||     1
   Stab: Sleeping          ||     1
 Armour: Leather armour    ||     2
  Dodge: Dodged            ||     3

Table legend: (Time is in decaauts)
 A = Elapsed time spent in this place.
 B = Non-inter-level travel time spent in this place.
 C = Inter-level travel time spent in this place.
 D = Time resting spent in this place.
 E = Time spent auto-exploring this place.
 F = Levels seen in this place.
 G = Mean time per level.
                   A        B        C        D        E       F      G
               +--------+--------+--------+--------+--------+-----+--------+
         Total |     45 |     45 |      0 |      0 |      3 |   2 |   22.5 |
       Dungeon |     24 |     24 |      0 |      0 |      0 |   1 |   24.0 |
       Ossuary |     20 |     20 |      0 |      0 |      3 |   1 |   20.0 |
               +--------+--------+--------+--------+--------+-----+--------+

Top non-repeatable levels by time:
     D:5: 24 daAuts
 Ossuary: 20 daAuts
